AoeStats
← YouPotato

Arabia

510414733Analyzed
1v1 RM · 1d ago on Sep 30, 2026· 38m 41s· 2 players
Game mode
Random Map
Map size
Tiny (2 player)
Population
200
Speed
Normal
Resources
Standard
Victory
Conquest
Starting age
Dark Age
Ending age
Imperial Age
RankedLock teamsTeams togetherTeam positionsShared explorationLock speedFull tech treeHidden civsTurbo modeCheats
Victory
Defeat
🇹🇷 Vikings · Türkiye
1080
+16
🇺🇸 Danes · United States
1083
-16
Secking13
2:59 Loom
5:14 Loom
8:48 Feudal Age
11:14 Double-Bit Axe
15:03 Forging
15:22 Horse Collar
16:59 Scale Mail Armor
18:57 Fletching
22:17 Castle Age
20:45 Scale Barding Armor
21:21 Padded Archer Armor
21:51 Gold Mining
21:51 Stone Mining
23:25 Bow Saw
26:10 Iron Casting
26:21 Bodkin Arrow
35:32 Imperial Age
34:16 Crossbowman
YouPotato
5:27 Loom
11:01 Feudal Age
11:27 Double-Bit Axe
11:46 Man-at-Arms
12:13 Arson
21:12 Wheelbarrow
23:06 Castle Age
21:44 Scale Mail Armor
21:54 Forging
24:12 Horse Collar
25:19 Squires
25:37 Chain Mail Armor
Connection lost

Rejoining the realm…

Still unreachable

The connection could not be restored.

Session expired

The server has moved on; the page needs a fresh start.